AoeStats
← BenJames

Arabia

503527988Analyzed
2v2 RM · 1mo ago on Sep 1, 2026· 47m 44s· 4 players
Game mode
Random Map
Map size
Medium (4 player)
Population
200
Speed
Normal
Resources
Standard
Victory
Conquest
Starting age
Dark Age
Ending age
Imperial Age
RankedLock teamsTeams togetherTeam positionsShared explorationLock speedFull tech treeHidden civsTurbo modeCheats
Victory
Defeat
🇲🇽 Inca · Mexico
1195
+13
🇨🇷 Magyars · Costa Rica
1185
+13
🇨🇴 Mongols · Colombia
1137
-14
🇦🇷 Maya · Argentina
1106
-12
fainer_15
7:22 Loom
9:49 Feudal Age
10:17 Double-Bit Axe
16:27 Wheelbarrow
19:41 Castle Age
18:36 Bloodlines
19:30 Gold Mining
19:22 Horse Collar
19:59 Scale Barding Armor
20:23 Husbandry
23:17 Chain Barding Armor
25:34 Bow Saw
33:09 Heavy Plow
34:30 Hand Cart
34:40 Town Watch
35:09 Light Cavalry
37:13 Town Patrol
42:38 Imperial Age
41:24 Gold Shaft Mining
40:40 Stone Mining
43:29 Cavalier
46:47 Plate Barding Armor
46:38 Paladin
danifahanton
5:45 Loom
5:46 Loom
11:34 Feudal Age
14:31 Double-Bit Axe
20:45 Castle Age
20:43 Fletching
21:03 Horse Collar
22:13 Town Watch
23:20 Bow Saw
29:42 Wheelbarrow
29:59 Heavy Plow
31:12 Forging
32:46 Iron Casting
32:40 Scale Mail Armor
34:13 Hand Cart
35:51 Chain Mail Armor
35:40 Squires
35:52 Town Patrol
36:46 Arson
39:43 Imperial Age
37:41 Gold Mining
39:00 Bodkin Arrow
40:47 Conscription
41:06 Crop Rotation
41:41 Blast Furnace
41:10 Capped Ram
43:13 Plate Mail Armor
42:08 Elite Kamayuk
42:52 Fabric Shields
42:40 Siege Ram
43:43 Siege Engineers
44:48 Gold Shaft Mining
45:28 Chemistry
45:56 Andean Sling
48:03 Bracer
BenJames
5:07 Loom
8:16 Feudal Age
13:12 Double-Bit Axe
13:13 Horse Collar
20:59 Castle Age
21:27 Bloodlines
21:29 Forging
21:12 Gold Mining
21:50 Scale Barding Armor
21:49 Husbandry
26:04 Fletching
27:45 Iron Casting
36:32 Wheelbarrow
38:58 Imperial Age
38:41 Chain Barding Armor
39:06 Heavy Camel Rider
44:11 Blast Furnace
43:56 Bodkin Arrow
46:25 Conscription
46:50 Ballistics
46:32 Padded Archer Armor
PATO BULLRICH
0:45 Loom
10:54 Feudal Age
15:45 Castle Age
14:13 Double-Bit Axe
14:38 Horse Collar
15:54 Fletching
17:46 Crossbowman
Connection lost

Rejoining the realm…

Still unreachable

The connection could not be restored.

Session expired

The server has moved on; the page needs a fresh start.